 Dungeon Crawl Stone Soup version 0.28-a0-1199-gef9e1dbd39 (webtiles) character file.

Game seed: 12538134106127500169

130 ChaosChampion the Insei (level 4, -5/35 HPs)
             Began as a Draconian Transmuter on Dec 19, 2021.
             Slain by an orc priest (8 damage)
             ... on level 4 of the Dungeon.
             The game lasted 00:03:37 (4468 turns).

ChaosChampion the Insei (Draconian Transmuter)      Turns: 4468, Time: 00:03:37

Health: -5/35      AC:  5    Str: 12    XL:     4   Next: 90%
Magic:  5/7        EV: 12    Int: 15    God:
Gold:   137        SH:  0    Dex: 12    Spells: 4/7 levels left

rFire   . . .      SeeInvis .     - Unarmed
rCold   . . .      Faith    .   (no shield)
rNeg    . . .      Spirit   .   (armour unavailable)
rPois   .          Reflect  .   (helmet currently unavailable)
rElec   .          Harm     .   (no cloak)
rCorr   .          Rampage  .   (no gloves)
Will    .....                   (boots currently unavailable)
Stlth   +.........              (no amulet)
HPRegen 0.11/turn               (no ring)
MPRegen 0.10/turn               (no ring)

@: appendages (expiring)
A: horns 2, talons 2, AC +5, unfitting armour, cold-blooded
a: End Transformation


You were on level 4 of the Dungeon.
You had temporarily grown beastly horns and talons.
You visited 1 branch of the dungeon, and saw 4 of its levels.

You collected 137 gold pieces.

Inventory:

Missiles
 n - 11 poisoned darts (quivered)
Jewellery
 f - a ring of resist corrosion
 m - a +6 ring of intelligence
Scrolls
 a - a scroll of teleportation
 b - a scroll of magic mapping
 c - a scroll of immolation
 l - 2 scrolls of blinking
Potions
 h - a potion of brilliance {unknown}
 k - a potion of curing {unknown}


   Skills:
 - Level 1.1 Fighting
 - Level 1.7 Dodging
 * Level 5.7 Unarmed Combat
 - Level 2.0 Spellcasting
 - Level 2.0 Transmutations


You had 4 spell levels left.
You knew the following spells:

 Your Spells              Type           Power      Damage    Failure   Level
a - Beastly Appendage     Tmut           14%        N/A       10%         1
b - Wereblood             Tmut           7%         N/A       14%         2

Your spell library contained the following spells:

 Spells                   Type           Power      Damage    Failure   Level
 Ensorcelled Hibernation  Hex/Ice        2%         N/A       32%         2
 Spider Form              Tmut/Pois      4%         N/A       41%         3
 Ice Form                 Ice/Tmut       4%         N/A       82%         4


Dungeon Overview and Level Annotations

Branches:
Dungeon (4/15)
 Temple: D:4-7

Altars:


Innate Abilities, Weirdness & Mutations

You have temporarily grown beastly horns and talons.
Your plain brown scales are hard. (AC +5)
You cannot fit into any form of body armour.
You are cold-blooded and may be slowed by cold attacks.


Message History

The orc priest calls down the wrath of Beogh upon you.
Beogh smites you!
Casting: Beastly Appendage (safe; 10% risk of failure)
Confirm with . or Enter, or press ? or * to list all spells.
You grow a pair of large bovine horns.
Your feet morph into talons.
The orc shouts!
Casting: Beastly Appendage (safe; 10% risk of failure)
Confirm with . or Enter, or press ? or * to list all spells.
You miscast Wereblood.
You are very lightly contaminated with residual magic.
Nothing appears to happen.
You hit the orc. Your kick misses the orc. Your headbutt misses the orc.
The orc is moderately wounded.
The orc hits you with a +0 flail.
You closely miss the orc. Your kick misses the orc.
The orc is moderately wounded.
Your transformation is almost over.
The orc hits you but does no damage.
You closely miss the orc.
You tail-slap the orc, but do no damage.
The orc is moderately wounded.
The orc priest looks more healthy.
The orc priest calls down the wrath of Beogh upon you.
Beogh smites you!
* * * LOW HITPOINT WARNING * * *
The orc hits you but does no damage.
You hit the orc but do no damage.
The orc is moderately wounded.
The orc priest closely misses you. The orc closely misses you.
You hit the orc.
You kill the orc!
The orc priest hits you but does no damage.
You completely miss the orc priest.
Your tail-slap misses the orc priest.
The orc priest is moderately wounded.
The orc priest completely misses you.
Your magical contamination has completely faded away.
You barely miss the orc priest. You claw the orc priest.
The orc priest is heavily wounded.
The orc priest hits you with a +0 trident!
You die...

###..## #..# *#......##.##.###
#.?.####.##*#..####...<.....###
#.#....#.#*,,,** #######.....#
#.####.#)#*,#** #...... #o#
#(.$##.# ###.##...
#o#####.oo..##### #...#####
#o..##..?.o.....# ##.#.#
###.o...#######o## ##..#.#
#...o#......).@o.####..##.#
**#.#####.######.#......###.#
,...* #.# #..##........# ###**
#.# ##..#.######## * #o#
##...#*********** #.#
#..#.,,,,*,,,,,* #.#
#.#...,,,,,,,,,, #.#
*****#.....,,,,,,,,,, #.#
*,,,,..,,..,,,,,,,,,,


You could see an orc priest and an orc wizard.

Vanquished Creatures
  Terence (D:2)
  3 adders (D:3)
  2 dart slugs (D:1)
  11 orcs
  5 bats
  3 endoplasms
  2 giant cockroaches
  7 goblins
  4 hobgoblins
  2 jackals (D:1)
  5 kobolds
  A quokka (D:1)
  7 ball pythons
  6 frilled lizards
  A quokka skeleton (D:4)
  4 rats
64 creatures vanquished.

Notes
Turn   | Place    | Note
-------+----------+-------------------------------------------
     0 | D:1      | ChaosChampion the Draconian Transmuter began the quest for
                  | the Orb.
     0 | D:1      | Reached XP level 1. HP: 16/16 MP: 3/3
   334 | D:1      | Reached XP level 2. HP: 13/23 MP: 3/5
   337 | D:1      | Learned a level 2 spell: Wereblood
  1200 | D:1      | Reached skill level 4 in Unarmed Combat
  1498 | D:2      | Reached XP level 3. HP: 28/28 MP: 4/6
  1856 | D:2      | Found a faded altar of an unknown god.
  2083 | D:2      | Noticed Terence
  2289 | D:2      | Killed Terence
  2290 | D:2      | Reached skill level 5 in Unarmed Combat
  2290 | D:2      | Reached XP level 4. HP: 16/35 MP: 4/7
  3938 | D:4      | HP: 1/35 [orc priest/divine providence (13)]
  4468 | D:4      | Slain by an orc priest

Illustrated notes

Levels and vault maps discovered:
D:1:      dpeg_arrival_oval, layout_basic
D:2:      layout_rooms, ebering_ecumenical_altar_abandoned,
          small_statue_intersection, uniq_terence
D:3:      layout_loops_cross, nicolae_elevator_lobby_plus
D:4:      layout_rooms

Skill      XL: |  1  2  3 |
---------------+----------+-----
Unarmed Combat | 4 5 |  5.7
Fighting       | |  1.1
Dodging        | |  1.7
Spellcasting   | |  2.0
Transmutations | |  2.0

Action                   |  1- 3 |  4- 6 || total
-------------------------+-------+-------++-------
Melee: Unarmed           |   112 |    67 ||   179
       Kick              |    14 |    11 ||    25
       Headbutt          |     7 |     4 ||    11
       Tailslap          |    18 |     9 ||    27
       Punch             |     1 |     1 ||     2
Throw: Dart              |       |     2 ||     2
 Cast: Beastly Appendage |    33 |    15 ||    48
       Wereblood         |     1 |     2 ||     3
  Use: Scroll            |       |     8 ||     8
       Potion            |       |     1 ||     1
 Stab: Sleeping          |     2 |       ||     2
Armor: Skin              |    23 |    24 ||    47
Dodge: Dodged            |    56 |    42 ||    98

Table legend: (Time is in decaauts)
 A = Elapsed time spent in this place.
 B = Non-inter-level travel time spent in this place.
 C = Inter-level travel time spent in this place.
 D = Time resting spent in this place.
 E = Time spent auto-exploring this place.
 F = Levels seen in this place.
 G = Mean time per level.
                   A        B        C        D        E       F      G
               +--------+--------+--------+--------+--------+-----+--------+
         Total |   4460 |   4298 |    162 |    613 |   3028 |   4 | 1115.0 |
       Dungeon |   4460 |   4298 |    162 |    613 |   3028 |   4 | 1115.0 |
               +--------+--------+--------+--------+--------+-----+--------+

Top non-repeatable levels by time:
     D:3: 1642 daAuts
     D:1: 1534 daAuts
     D:2: 1045 daAuts
     D:4: 238 daAuts
